 Dungeon Crawl Stone Soup version 0.31-a0-846-gb3bcc0d938 (webtiles) character file.

Game seed: 13957458163036529071

19 Gargoyl the Trooper (level 2, 0/19 HPs)
             Began as a Gargoyle Berserker on Oct 4, 2023.
             Was a Follower of Trog.
             Slain by a kobold
             ... wielding a +0 whip
              (4 damage)
             ... on level 1 of the Dungeon.
             The game lasted 00:00:47 (434 turns).

Gargoyl the Trooper (Gargoyle Berserker)             Turns: 434, Time: 00:00:48

Health: 0/19       AC:  5    Str: 20    XL:     2   Next: 75%
Magic:  2/2        EV: 12    Int:  7    God:    Trog [*.....]
Gold:   25         SH:  0    Dex:  9    Spells: 1/1 levels left

rFire   . . .        a - +0 hand axe
rCold   . . .        (no shield)
rNeg    + . .        b - +0 animal skin
rPois   ∞            (no helmet)
rElec   +            (no cloak)
rCorr   .            (no gloves)
SInv    .            (no boots)
Will    .....        (no amulet)
Stlth   +            (no ring)
HPRegen 0.23/turn    (no ring)
MPRegen 0.08/turn

%: no passive effects
@: no status effects
A: sickness immunity, AC +2, negative energy resistance 1, electricity
resistance, torment resistance 1, petrification resistance
a: Renounce Religion, Berserk


You were on level 1 of the Dungeon.
You worshipped Trog.
Trog was aware of your devotion.
You visited 1 branch of the dungeon, and saw 1 of its levels.

You collected 25 gold pieces.

Inventory:

Hand Weapons
 a - a +0 hand axe (weapon)
Missiles
 d - 3 poisoned darts (quivered)
Armour
 b - a +0 animal skin (worn)
Potions
 c - a potion of enlightenment {unknown}


   Skills:
 + Level 3.6 Fighting
 + Level 3.1 Axes
 * Level 2.2 Armour
 * Level 1.8 Dodging


You had one spell level left.
You didn't know any spells.
Your spell library was empty.

Dungeon Overview and Level Annotations

Branches:
Dungeon (1/15)

Altars:


Innate Abilities, Weirdness & Mutations

You are immune to sickness and miasma.
Your stone body is resilient. (AC +2)
You are immune to poison.
You resist negative energy. (rN+)
You are resistant to electric shocks. (rElec)
You are resistant to unholy torment.
You are immune to petrification.


Message History

The kobold hits you but does no damage. The endoplasm freezes you.
You are frozen.
The kobold hits you but does no damage.
You closely miss the kobold. You hit the endoplasm but do no damage.
The endoplasm freezes you.
You are frozen.
The kobold hits you but does no damage.
Unknown command.
You hit the kobold.
The kobold is severely wounded.
You hit the endoplasm but do no damage. The endoplasm freezes you.
You are frozen.
The kobold closely misses you.
You barely miss the kobold.
The kobold is severely wounded.
You hit the endoplasm but do no damage. The endoplasm freezes you.
You are frozen.
The kobold hits you but does no damage.
A kobold comes into view. It is wielding a +0 whip.
The kobold shouts!
You hit the kobold.
You kill the kobold!
Trog accepts your kill.
You hit the endoplasm.
You kill the endoplasm!
Trog accepts your kill.
The kobold throws a stone.
The stone hits you but does no damage.
Okay, then.
The kobold throws a stone.
The stone barely misses you.
Found a pair of glowing gloves.
The kobold hits you but does no damage.
You closely miss the kobold. The kobold hits you but does no damage.
You hit the kobold but do no damage. The kobold hits you with a +0 whip.
You barely miss the kobold. The kobold closely misses you.
You hit the kobold.
The kobold is severely wounded.
The kobold hits you with a +0 whip.
* * * LOW HITPOINT WARNING * * *
You closely miss the kobold.
The kobold is severely wounded.
The kobold hits you with a +0 whip.
You die...

.....#(# .# #....#.##.# .[
#.........# .. #...(.....# ..
#.# ######.##.# #. #.# ###.#
####.######.♣♣♣ ##...#
#............. ###..####
#.K#.....♣♣♣♣ #.......#
..#..@.....#..# #.#......#
#..........#..#
#.##.##.#.#..#..#$)[.....# #
..##.......#......$.....### #
#.#####.######............#####
# #.# # #.######P.....P..###
#.. ##.## #...♣..♣...... #.##
#...# #..PP♣♣♣P♣.P### #.# #...#
#.♣♣♣♣ ♣P♣P.##


You could see a kobold.

Vanquished Creatures
  3 endoplasms (D:1)
  3 goblins (D:1)
  3 hobgoblins (D:1)
  A quokka (D:1)
  A ball python (D:1)
  A bat (D:1)
  3 kobolds (D:1)
  3 rats (D:1)
18 creatures vanquished.

Notes
Turn   | Place    | Note
-------+----------+-------------------------------------------
     0 | D:1      | Gargoyl the Gargoyle Berserker began the quest for the Orb.
     0 | D:1      | Reached XP level 1. HP: 14/14 MP: 1/1
   180 | D:1      | Reached XP level 2. HP: 19/19 MP: 2/2
   434 | D:1      | Slain by a kobold

Illustrated notes

Levels and vault maps discovered:
D:1:      minmay_arrival_hallway, layout_loops_cross, serial_forest,
          infiniplex_forest_straight_1, infiniplex_forest_straight_3,
          infiniplex_forest_straight_4, infiniplex_forest_clump_large,
          infiniplex_forest_clump_curved, infiniplex_forest_lined_corner,
          infiniplex_forest_diagonal

Skill      XL: |  1  2 |
---------------+-------+-----
Axes           | 3 |  3.1
Fighting       | |  3.6
Armour         | |  2.2
Dodging        | |  1.8

Action                     || total
---------------------------++-------
  Melee: Hand axe          ||    48
    Use: Scroll            ||     1
 Armour: Animal skin       ||    32
  Dodge: Dodged            ||    24

Table legend: (Time is in decaauts)
 A = Elapsed time spent in this place.
 B = Non-inter-level travel time spent in this place.
 C = Inter-level travel time spent in this place.
 D = Time resting spent in this place.
 E = Time spent auto-exploring this place.
 F = Levels seen in this place.
 G = Mean time per level.
                   A        B        C        D        E       F      G
               +--------+--------+--------+--------+--------+-----+--------+
         Total |    440 |    440 |      0 |      0 |    257 |   1 |  440.0 |
       Dungeon |    440 |    440 |      0 |      0 |    257 |   1 |  440.0 |
               +--------+--------+--------+--------+--------+-----+--------+

Top non-repeatable levels by time:
     D:1: 440 daAuts
